AoeStats
← Stalin

Arabia

510048098Analyzed
2v2 RM · 3d ago on Sep 29, 2026· 22m 14s· 4 players
Game mode
Random Map
Map size
Medium (4 player)
Population
200
Speed
Normal
Resources
Standard
Victory
Conquest
Starting age
Dark Age
Ending age
Imperial Age
RankedLock teamsTeams togetherTeam positionsShared explorationLock speedFull tech treeHidden civsTurbo modeCheats
Victory
Defeat
🇺🇸 Burgundians · United States
1037
+13
🇨🇳 Lithuanians · China
973
+16
🇺🇸 Vietnamese · United States
1006
-41
🇺🇸 Franks · United States
950
-41
Stalin
10:05 Feudal Age
13:11 Loom
21:35 Double-Bit Axe
SchlonkFl1pper
7:17 Loom
9:32 Feudal Age
10:27 Double-Bit Axe
10:24 Horse Collar
22:31 Castle Age
22:37 Wheelbarrow
O.Bender
5:10 Double-Bit Axe
8:44 Loom
11:00 Feudal Age
9:46 Horse Collar
10:24 Gold Mining
16:26 Padded Archer Armor
16:36 Fletching
21:58 Castle Age
21:09 Gold Shaft Mining
20:56 Bow Saw
21:26 Forging
22:08 Scale Barding Armor
22:04 Cavalier
猫咪先生
11:24 Feudal Age
11:15 Loom
12:27 Double-Bit Axe
16:29 Bloodlines
18:28 Horse Collar
23:03 Castle Age
Connection lost

Rejoining the realm…

Still unreachable

The connection could not be restored.

Session expired

The server has moved on; the page needs a fresh start.